 Dungeon Crawl Stone Soup version 0.29-a0-911-g88e6f02907 (webtiles) character file.

Game seed: 17928906005937717717

111 Hubjo the Insei (level 4, 0/34 HPs)
             Began as a Demonspawn Transmuter on July 25, 2022.
             Was a Believer of Cheibriados.
             Slain by a gnoll
             ... wielding a +0 club
              (4 damage)
             ... on level 2 of the Dungeon.
             The game lasted 00:02:51 (1821 turns).

Hubjo the Insei (Demonspawn Transmuter)             Turns: 1821, Time: 00:02:53

Health: 0/34       AC:  4    Str: 15    XL:     4   Next: 62%
Magic:  8/8        EV: 12    Int: 20    God:    Cheibriados [**....]
Gold:   129        SH:  0    Dex: 19    Spells: 3/8 levels left

rFire   . . .      SeeInvis .     - Unarmed
rCold   . . .      Faith    .   (no shield)
rNeg    + . .      Spirit   .   a - +2 robe
rPois   .          Reflect  .   (no helmet)
rElec   .          Harm     .   (no cloak)
rCorr   .          Rampage  .   (no gloves)
Will    .....                   (no boots)
Stlth   +++.......              g - amulet of magic regeneration
HPRegen 0.11/turn               l - ring of positive energy
MPRegen 0.51/turn               (no ring)

@: very slow
A: thin skeletal structure 1
a: Renounce Religion, Bend Time


You were on level 2 of the Dungeon.
You worshipped Cheibriados.
Cheibriados was pleased with you.
You visited 1 branch of the dungeon, and saw 3 of its levels.

You collected 129 gold pieces.

Inventory:

Armour
 a - a +2 robe (worn)
Jewellery
 g - an amulet of magic regeneration (around neck)
 l - a ring of positive energy (left hand)
Wands
 o - a wand of flame (22)
Scrolls
 h - a scroll of magic mapping {unknown}
 i - a scroll of enchant weapon {unknown}
 k - a scroll of butterflies {unknown}
 n - a scroll of identify {unknown}
Potions
 b - 3 potions of lignification
 c - a potion of curing {unknown}
 d - 2 potions of ambrosia {unknown}
 e - a potion of haste {unknown}
 f - 3 potions of flight {unknown}
 j - a potion of berserk rage {unknown}
 m - a potion of attraction {unknown}


   Skills:
 + Level 2.9 Fighting
 - Level 1.7 Dodging
 + Level 3.2 Unarmed Combat
 + Level 2.7 Spellcasting
 * Level 2.4 Transmutations
 + Level 0.0 Ice Magic


You had 3 spell levels left.
You knew the following spells:

 Your Spells              Type           Power      Damage    Failure   Level
a - Beastly Appendage     Tmut           24%        N/A       5%          1
b - Ice Form              Ice/Tmut       7%         N/A       65%         4

Your spell library contained the following spells:

 Spells                   Type           Power      Damage    Failure   Level
 Wereblood                Tmut           12%        N/A       9%          2
 Sublimation of Blood     Necr           2%         N/A       22%         2
 Spider Form              Tmut/Pois      7%         N/A       26%         3
 Summon Hydra             Summ           1%         N/A       100%        7


Dungeon Overview and Level Annotations

Branches:
Dungeon (3/15)

Altars:
Cheibriados
Nemelex Xobeh


Innate Abilities, Weirdness & Mutations

You have a somewhat thin skeletal structure. (Dex +2, Stealth+)


Message History

a +0 club; a +4 dagger You see here a +0 club.
There is an escape hatch in the floor here.
There is a stone staircase leading down here.
This spell is astonishingly dangerous to cast!
Memorise Ice Form, consuming 4 spell levels and leaving 3?
You start memorising the spell.
You continue memorising. x4
You finish memorising.
Spell assigned to 'b'.
You climb downwards.
There is a stone staircase leading up here.
A gnoll comes into view. It is wielding a +0 club.
A gnoll is nearby!
A gnoll is nearby!
You grow a pair of large bovine horns.
Your feet morph into talons.
The gnoll shouts!
A gnoll comes into view. It is wielding a +0 spear.
A gnoll comes into view. It is wielding a +0 whip.
A ball python comes into view.
Your transformation is almost over.
The gnoll hits you with a +0 club.
The gnoll hits you from afar with a +0 spear!
The gnoll barely misses you. The gnoll hits you with a +0 club.
The gnoll hits you from afar with a +0 spear.
The gnoll hits you from afar with a +0 spear.
* * * LOW HITPOINT WARNING * * *
The gnoll hits you with a +0 club.
* * * LOW HITPOINT WARNING * * *
The gnoll hits you but does no damage. The gnoll barely misses you.
There is a stone staircase leading up here.
The gnoll barely misses you.
You climb upwards.
There is a stone staircase leading down here.
Aiming: Throw Flame
Press: ? - help, Shift-Dir - straight line, f - gnoll
Aim: a gnoll, wielding a +0 club (72% to hit)
The puff of flame hits the gnoll.
The gnoll is moderately wounded.
Your horns disappear.
Your talons disappear.
The gnoll hits you with a +0 club.
You die...

#..#......#### #.##### #.#
.....####.#..# #.....# #.#
####)####.#..# #.....# #.#
...#.#....#..# #.....# #.#
#.##.#.####..# #.....# #.#
..[#.#.# #..# #.....# #.#
#)##.#.# #..# #.....########.#
.....#.####..###.#<...........#
...+............@################
...###.####..###.g.....<.........
...# #.# #..###>################
.### #.# #......# ##
##.####......### #
#..............# #
#............#.#
#####.......#....#.#
............####.#.#


You could see a gnoll.

Vanquished Creatures
  A gnoll (D:1)
  Robin (D:2)
  4 adders (D:2)
  3 dart slugs
  3 ball pythons (D:1)
  5 bats
  An endoplasm (D:1)
  A giant cockroach (D:1)
  13 goblins
  5 hobgoblins (D:2)
  3 kobolds
  3 frilled lizards
  2 rats
45 creatures vanquished.

Notes
Turn   | Place    | Note
-------+----------+-------------------------------------------
     0 | D:1      | Hubjo the Demonspawn Transmuter began the quest for the
                  | Orb.
     0 | D:1      | Reached XP level 1. HP: 15/15 MP: 3/3
    51 | D:1      | Gained mutation: You have a somewhat thin skeletal
                  | structure. (Dex +2, Stealth+) [demonic ancestry]
    51 | D:1      | Reached XP level 2. HP: 17/21 MP: 3/5
   435 | D:1      | Reached XP level 3. HP: 26/27 MP: 4/6
   553 | D:1      | Found a faded altar of an unknown god.
   565 | D:1      | Prayed at the altar of an unknown god.
   565 | D:1      | Became a worshipper of Cheibriados the Contemplative
   565 | D:1      | Reached * piety under Cheibriados
   684 | D:2      | Reached skill level 3 in Unarmed Combat
  1035 | D:2      | Reached XP level 4. HP: 34/34 MP: 7/7
  1228 | D:2      | Noticed Robin
  1233 | D:2      | Reached ** piety under Cheibriados
  1236 | D:2      | Killed Robin
  1356 | D:2      | Found a sparkling altar of Nemelex Xobeh.
  1808 | D:2      | Learned a level 4 spell: Ice Form
  1821 | D:2      | Slain by a gnoll

Illustrated notes

Levels and vault maps discovered:
D:1:      minmay_arrival_plants_in_alcoves, layout_rooms,
          ebering_ecumenical_altar_mist, minmay_small_reverse_x
D:2:      layout_basic, basic_altar, serial_glass, glass_columns_a,
          glass_columns_c, glass_columns_a, glass_columns_b, glass_columns_a,
          minmay_split_cup_small, uniq_robin
D:3:      layout_rooms, fedhas_altar_2, minmay_goblin_kobold_house

Skill      XL: |  1  2  3 |
---------------+----------+-----
Transmutations | 2 |  2.4
Fighting       | 2 |  2.9
Unarmed Combat | 3 |  3.2
Dodging        | |  1.7
Spellcasting   | |  2.7

Action                   |  1- 3 |  4- 6 || total
-------------------------+-------+-------++-------
Melee: Unarmed           |    74 |    53 ||   127
       Kick              |    17 |    12 ||    29
       Headbutt          |     7 |     6 ||    13
       Punch             |     1 |       ||     1
 Cast: Beastly Appendage |    18 |     8 ||    26
Evoke: Wand              |       |     1 ||     1
  Use: Scroll            |     2 |       ||     2
 Stab: Sleeping          |     3 |       ||     3
Armor: Robe              |    18 |    18 ||    36
Dodge: Dodged            |    42 |    35 ||    77

Table legend: (Time is in decaauts)
 A = Elapsed time spent in this place.
 B = Non-inter-level travel time spent in this place.
 C = Inter-level travel time spent in this place.
 D = Time resting spent in this place.
 E = Time spent auto-exploring this place.
 F = Levels seen in this place.
 G = Mean time per level.
                   A        B        C        D        E       F      G
               +--------+--------+--------+--------+--------+-----+--------+
         Total |   2145 |   2050 |     95 |      0 |   1708 |   3 |  715.0 |
       Dungeon |   2145 |   2050 |     95 |      0 |   1708 |   3 |  715.0 |
               +--------+--------+--------+--------+--------+-----+--------+

Top non-repeatable levels by time:
     D:2: 1439 daAuts
     D:1: 691 daAuts
     D:3: 14 daAuts
